PIO (24 & UNDER)
SURREY SINNERS @ SEATTLE RAINIERS
06/15/2026
 
TOP OF THE 1ST
Surrey Sinners batting - Pitching for Seattle Rainiers : LHP Nelson Béltre
Pitching: LHP Nelson Béltre
Batting: LHB Tony Smith 0-0: Called Strike
0-1: Fly out, F8 (Flyball, 8RM)
Batting: RHB Jesús Lara 0-0: Fly out, F7 (Flyball, 7D)
Batting: RHB Jamie Swyers 0-0: Swinging Strike
0-1: Ball
1-1: Foul Ball, location: 2F
1-2: Ball
2-2: Ball
3-2: Foul Ball, location: 2F
3-2: Strikes out swinging
Top of the 1st over - 0 run(s), 0 hit(s), 0 error(s), 0 left on base; Surrey 0 - Seattle 0
BOTTOM OF THE 1ST
Seattle Rainiers batting - Pitching for Surrey Sinners : RHP Robinson Flores
Pitching: RHP Robinson Flores
Batting: RHB Jorge Colón 0-0: Bunt missed!
0-1: Ball
1-1: Called Strike
1-2: Ball
2-2: Ball
3-2: Foul Ball, location: 2F
3-2: Foul Ball, location: 2F
3-2: Ground out 5-3 (Groundball, 56)
Batting: RHB Alfredo Farías 0-0: Foul Ball, location: 2F
0-1: Ball
1-1: Ball
2-1: Ball
3-1: Called Strike
3-2: Foul Ball, location: 2F
3-2: Reached on error, E6 (Groundball, 6)
Batting: RHB Jacob Hill 0-0: Ball
1-0: Ball
2-0: Swinging Strike
2-1: Ball
3-1: Called Strike
3-2: Foul Ball, location: 2F
3-2: Strikes out looking
Batting: RHB Vincent Braun 0-0: Called Strike
Alfredo Farías steals 2nd base
0-1: Called Strike
0-2: Foul Ball, location: 2F
0-2: Foul Ball, location: 2F
0-2: Ball
1-2: Ball
2-2: Fly out, F8 (Flyball, 8LD)
Bottom of the 1st over - 0 run(s), 0 hit(s), 1 error(s), 1 left on base; Surrey 0 - Seattle 0
TOP OF THE 2ND
Surrey Sinners batting - Pitching for Seattle Rainiers : LHP Nelson Béltre
Batting: RHB Cooper Richard 0-0: Ball
1-0: Called Strike
1-1: Called Strike
1-2: Strikes out swinging
Batting: RHB Augusto Trevino 0-0: Called Strike
0-1: Called Strike
0-2: Strikes out swinging
Batting: RHB Clint Younger 0-0: Called Strike
0-1: Foul Ball, location: 2F
0-2: Ball
1-2: Strikes out swinging
Top of the 2nd over - 0 run(s), 0 hit(s), 0 error(s), 0 left on base; Surrey 0 - Seattle 0
BOTTOM OF THE 2ND
Seattle Rainiers batting - Pitching for Surrey Sinners : RHP Robinson Flores
Batting: RHB Tony Hernández 0-0: Fly out, F9 (Flyball, 9D)
Batting: RHB Jeremiah Soto 0-0: Ball
1-0: Called Strike
1-1: DOUBLE (Groundball, 5L)
Batting: RHB Juan Robles 0-0: Ball
1-0: Called Strike
Jeremiah Soto is caught stealing 3rd base
1-1: Reached on error, E4 (Groundball, 34)
Batting: RHB John Hill 0-0: Ball
1-0: Called Strike
1-1: Ball
2-1: Foul Ball, location: 2F
2-2: SINGLE (Line Drive, 4MD)
Juan Robles to second
Batting: RHB Bill Dawson 0-0: Ball
1-0: Swinging Strike
1-1: Called Strike
1-2: Ball
2-2: Ball
3-2: Foul Ball, location: 2F
3-2: Base on Balls
Juan Robles to third
John Hill to second
Batting: RHB Jorge Colón 0-0: Called Strike
0-1: Ball
1-1: Foul Ball, location: 2F
1-2: Fly out, F7 (Flyball, 7S)
Bottom of the 2nd over - 0 run(s), 2 hit(s), 1 error(s), 3 left on base; Surrey 0 - Seattle 0
TOP OF THE 3RD
Surrey Sinners batting - Pitching for Seattle Rainiers : LHP Nelson Béltre
Batting: RHB Mitchell Darragh 0-0: Ball
1-0: Reached on error, E3 (Groundball, 34)
Batting: RHB Eugene Booth 0-0: Called Strike
0-1: Foul Ball, location: 2F
0-2: Ball
1-2: Foul Ball, location: 2F
1-2: Fly out, F9 (Flyball, 9M)
Batting: RHB Shawn Gutiérrez 0-0: Fly out, F7 (Line Drive, 78M)
Batting: LHB Tony Smith 0-0: Swinging Strike
0-1: Foul Ball, location: 2F
0-2: Ball
1-2: Ball
2-2: Ball
3-2: Ground out U3 (Groundball, 3)
Top of the 3rd over - 0 run(s), 0 hit(s), 1 error(s), 1 left on base; Surrey 0 - Seattle 0
BOTTOM OF THE 3RD
Seattle Rainiers batting - Pitching for Surrey Sinners : RHP Robinson Flores
Batting: RHB Alfredo Farías 0-0: Ball
1-0: Called Strike
1-1: Fly out, F8 (Flyball, 8LM)
Batting: RHB Jacob Hill 0-0: Swinging Strike
0-1: Ball
1-1: Called Strike
1-2: Ground out 1-3 (Groundball, 15)
Batting: RHB Vincent Braun 0-0: Ball
1-0: Foul Ball, location: 2F
1-1: SINGLE (Line Drive, 6D)
Batting: RHB Tony Hernández 0-0: Called Strike
0-1: Ball
1-1: Ball
2-1: Swinging Strike
2-2: Foul Ball, location: 2F
2-2: Strikes out looking
Bottom of the 3rd over - 0 run(s), 1 hit(s), 0 error(s), 1 left on base; Surrey 0 - Seattle 0
TOP OF THE 4TH
Surrey Sinners batting - Pitching for Seattle Rainiers : LHP Nelson Béltre
Batting: RHB Jesús Lara 0-0: Called Strike
0-1: Ball
1-1: Fly out, F8 (Flyball, 8LXD)
Batting: RHB Jamie Swyers 0-0: Fly out, F4 (Popup, 4MD)
Batting: RHB Cooper Richard 0-0: Called Strike
0-1: Swinging Strike
0-2: Ball
1-2: Foul Ball, location: 2F
1-2: Strikes out looking
Top of the 4th over - 0 run(s), 0 hit(s), 0 error(s), 0 left on base; Surrey 0 - Seattle 0
BOTTOM OF THE 4TH
Seattle Rainiers batting - Pitching for Surrey Sinners : RHP Robinson Flores
Batting: RHB Jeremiah Soto 0-0: Ball
1-0: Swinging Strike
1-1: Swinging Strike
1-2: Ball
2-2: Strikes out swinging
Batting: RHB Juan Robles 0-0: Ball
1-0: Ground out 6-3 (Groundball, 6)
Batting: RHB John Hill 0-0: Ball
1-0: TRIPLE (Line Drive, 9LS)
Batting: RHB Bill Dawson 0-0: Called Strike
0-1: Fly out, F9 (Flyball, 9M)
Bottom of the 4th over - 0 run(s), 1 hit(s), 0 error(s), 1 left on base; Surrey 0 - Seattle 0
TOP OF THE 5TH
Surrey Sinners batting - Pitching for Seattle Rainiers : LHP Nelson Béltre
Batting: RHB Augusto Trevino 0-0: Swinging Strike
0-1: Ball
1-1: Ground out 4-3 (Groundball, 4)
Batting: RHB Clint Younger 0-0: Called Strike
0-1: Ball
1-1: Foul Ball, location: 2F
1-2: Ball
2-2: Ball
3-2: Foul Ball, location: 2F
3-2: Base on Balls
Batting: RHB Mitchell Darragh 0-0: Ball
1-0: Called Strike
1-1: Swinging Strike
1-2: Foul Ball, location: 2F
1-2: Strikes out swinging
Batting: RHB Eugene Booth 0-0: Ball
1-0: Called Strike
1-1: Foul Ball, location: 2F
1-2: Ground out 4-3 (Groundball, 4S)
Top of the 5th over - 0 run(s), 0 hit(s), 0 error(s), 1 left on base; Surrey 0 - Seattle 0
BOTTOM OF THE 5TH
Seattle Rainiers batting - Pitching for Surrey Sinners : RHP Robinson Flores
Batting: RHB Jorge Colón 0-0: Ball
1-0: Called Strike
1-1: Ground out 6-3 (Groundball, 6)
Batting: RHB Alfredo Farías 0-0: Ground out 4-3 (Groundball, 4)
Batting: RHB Jacob Hill 0-0: Ball
1-0: Foul Ball, location: 2F
1-1: Ball
2-1: Foul Ball, location: 2F
2-2: Strikes out swinging
Bottom of the 5th over - 0 run(s), 0 hit(s), 0 error(s), 0 left on base; Surrey 0 - Seattle 0
TOP OF THE 6TH
Surrey Sinners batting - Pitching for Seattle Rainiers : LHP Nelson Béltre
Batting: RHB Shawn Gutiérrez 0-0: Fly out, F9 (Flyball, 9M)
Batting: LHB Tony Smith 0-0: Ball
1-0: Foul Ball, location: 2F
1-1: Foul Ball, location: 2F
1-2: Ball
2-2: SINGLE (Flyball, 8LS)
Batting: RHB Jesús Lara 0-0: Called Strike
0-1: SINGLE (Line Drive, 7S)
Tony Smith to second
Batting: RHB Jamie Swyers 0-0: Foul Ball, location: 2F
0-1: Called Strike
0-2: Strikes out swinging
Batting: RHB Cooper Richard 0-0: Ball
1-0: Ball
2-0: Ball
3-0: Called Strike
3-1: Base on Balls
Tony Smith to third
Jesús Lara to second
Batting: RHB Augusto Trevino 0-0: Fly out, F6 (Popup, 5D)
Top of the 6th over - 0 run(s), 2 hit(s), 0 error(s), 3 left on base; Surrey 0 - Seattle 0
BOTTOM OF THE 6TH
Seattle Rainiers batting - Pitching for Surrey Sinners : LHP Dennis Morales
Pitching: LHP Dennis Morales
Batting: RHB Vincent Braun 0-0: Ball
1-0: Swinging Strike
1-1: Foul Ball, location: 2F
1-2: Ball
2-2: Strikes out looking
Batting: RHB Tony Hernández 0-0: Called Strike
0-1: Called Strike
0-2: Foul Ball, location: 2F
0-2: Ball
1-2: Ball
2-2: Ball
3-2: Foul Ball, location: 2F
3-2: Base on Balls
Batting: RHB Jeremiah Soto 0-0: Called Strike
0-1: Called Strike
0-2: Fly out, F4 (Popup, 4)
Batting: RHB Juan Robles 0-0: Ball
1-0: Fly out, F8 (Flyball, 8RS)
Bottom of the 6th over - 0 run(s), 0 hit(s), 0 error(s), 1 left on base; Surrey 0 - Seattle 0
TOP OF THE 7TH
Surrey Sinners batting - Pitching for Seattle Rainiers : LHP Nelson Béltre
Batting: RHB Clint Younger 0-0: Called Strike
0-1: Ground out 6-3 (Groundball, 6)
Pinch Hitting: RHB Ramón Molina 0-0: Ball
1-0: Ball
2-0: Ball
3-0: Called Strike
3-1: SINGLE (Line Drive, 8RS)
Pitching: RHP Nick Clark
Pinch Hitting: LHB Juan Hinojosa 0-0: Ball
1-0: Called Strike
1-1: Swinging Strike
1-2: Strikes out swinging
Batting: RHB Shawn Gutiérrez 0-0: Ball
1-0: Ball
2-0: Foul Ball, location: 2F
2-1: Foul Ball, location: 2F
2-2: Strikes out swinging
Top of the 7th over - 0 run(s), 1 hit(s), 0 error(s), 1 left on base; Surrey 0 - Seattle 0
BOTTOM OF THE 7TH
Seattle Rainiers batting - Pitching for Surrey Sinners : LHP Dennis Morales
Now at 3B: Félix Castro
Now in CF: Daniel Santiago
Batting: RHB John Hill 0-0: Swinging Strike
0-1: Ball
1-1: Ball
2-1: Ball
3-1: Base on Balls
Batting: RHB Bill Dawson 0-0: Bunted foul
0-1: Bunted foul
0-2: Ball
1-2: Strikes out swinging
Batting: RHB Jorge Colón 0-0: Ball
1-0: Ball
2-0: Ball
3-0: Called Strike
3-1: Base on Balls
John Hill to second
Batting: RHB Alfredo Farías 0-0: Fly out, F9 (Flyball, 89M)
Batting: RHB Jacob Hill 0-0: Swinging Strike
0-1: Ball
1-1: Foul Ball, location: 2F
1-2: SINGLE (Groundball, 56)
John Hill to third
Jorge Colón to second
Runner from 3rd tries for Home, SAFE, no throw or cutoff
Batting: RHB Vincent Braun 0-0: Ground out 5-3 (Groundball, 56S)
Bottom of the 7th over - 1 run(s), 1 hit(s), 0 error(s), 2 left on base; Surrey 0 - Seattle 1
TOP OF THE 8TH
Surrey Sinners batting - Pitching for Seattle Rainiers : RHP Nick Clark
Pitching: RHP Jim Thompson
Batting: LHB Tony Smith 0-0: Called Strike
0-1: Ball
1-1: Ball
2-1: Called Strike
2-2: DOUBLE (Flyball, 89XD)
Batting: RHB Jesús Lara 0-0: Called Strike
0-1: Ball
1-1: Foul Ball, location: 2F
1-2: Ball
2-2: Ball
3-2: Base on Balls
Batting: RHB Jamie Swyers 0-0: Ball
1-0: Foul Ball, location: 2F
1-1: Swinging Strike
1-2: Ball
2-2: Foul Ball, location: 2F
2-2: Foul Ball, location: 2F
2-2: Ball
3-2: Strikes out looking
Pitching: LHP William Gordon
Batting: RHB Cooper Richard 0-0: Called Strike
0-1: Ball
1-1: Ground out 5-3 (Groundball, 5S)
Tony Smith to third
Jesús Lara to second
Pitching: RHP Dani Vásquez
Batting: RHB Augusto Trevino 0-0: Ball
1-0: Ball
2-0: Foul Ball, location: 2F
2-1: Hit by Pitch
Batting: RHB Clint Younger 0-0: Called Strike
0-1: Ball
1-1: Foul Ball, location: 2F
1-2: Ball
2-2: Ball
3-2: Strikes out looking
Top of the 8th over - 0 run(s), 1 hit(s), 0 error(s), 3 left on base; Surrey 0 - Seattle 1
BOTTOM OF THE 8TH
Seattle Rainiers batting - Pitching for Surrey Sinners : LHP Dennis Morales
Pitching: RHP Bob Martin
Batting: RHB Tony Hernández 0-0: Foul Ball, location: 2F
0-1: Foul Ball, location: 2F
0-2: Ball
1-2: Ground out 5-3 (Groundball, 5)
Batting: RHB Jeremiah Soto 0-0: Called Strike
0-1: Ball
1-1: Swinging Strike
1-2: Ball
2-2: Foul Ball, location: 2F
2-2: Strikes out swinging
Batting: RHB Juan Robles 0-0: Called Strike
0-1: Called Strike
0-2: Ball
1-2: Foul Ball, location: 2F
1-2: Ball
2-2: Ball
3-2: Foul Ball, location: 2F
3-2: Strikes out looking
Bottom of the 8th over - 0 run(s), 0 hit(s), 0 error(s), 0 left on base; Surrey 0 - Seattle 1
TOP OF THE 9TH
Surrey Sinners batting - Pitching for Seattle Rainiers : RHP Dani Vásquez
Pitching: RHP Lúcio Feliciano
Batting: RHB Félix Castro 0-0: Ball
1-0: Fly out, F7 (Line Drive, 7M)
Pinch Hitting: LHB Buddy Rice 0-0: Ball
1-0: Ball
2-0: Fly out, F8 (Line Drive, 8LS)
Pinch Hitting: LHB Iván Espinosa 0-0: Ground out 6-3 (Groundball, 6)
Top of the 9th over - 0 run(s), 0 hit(s), 0 error(s), 0 left on base; Surrey 0 - Seattle 1
Monday, December 5th, 2016 - OOTP Baseball 17.12 Build 75